 Dungeon Sprint DCSS version 0.28-a0-1447-ga5a8893891 (webtiles) character file.

Game seed: 10990032476056903740

8227 mhtbhm the Severer (level 11, -21/116 HPs)
             Began as a Minotaur Fighter on Jan 10, 2022.
             Was an Initiate of Gozag.
             Demolished by Urug (48 damage)
             ... in the Dungeon (Sprint VII: "The Pits").
             The game lasted 00:03:17 (2092 turns).

mhtbhm the Severer (Minotaur Fighter)               Turns: 2092, Time: 00:03:18

Health: -21/116    AC: 18    Str: 25    XL:     11   Next: 7%
Magic:  10/10      EV:  2    Int:  5    God:    Gozag
Gold:   4058       SH:  0    Dex: 13    Spells: 10/10 levels left

rFire   . . .      SeeInvis .   a - +2 war axe (vorpal)
rCold   . . .      Faith    .   c - +0 buckler
rNeg    . . .      Spirit   .   b - +4 chain mail
rPois   .          Reflect  .   (helmet restricted)
rElec   .          Harm     .   (no cloak)
rCorr   .          Rampage  .   (no gloves)
Will    .....      NoTele   +   r - +0 pair of boots
Stlth   ..........              (no amulet)
HPRegen 0.29/turn               o - +3 ring of evasion
MPRegen 0.12/turn               p - +3 ring of dexterity

@: mighty, sleeping, gold aura, hasted
A: horns 2, retaliatory headbutt
a: Renounce Religion, Potion Petition, Call Merchant, Bribe Branch


You were in the Dungeon.
You worshipped Gozag.
Gozag was most pleased with you.
You visited 1 branch You collected 4338 gold pieces.
You paid 280 gold pieces to Gozag.

Inventory:

Hand Weapons
 a - a +2 vorpal war axe (weapon)
Missiles
 n - 2 curare-tipped darts (quivered)
 s - 7 javelins
Armour
 b - a +4 chain mail (worn)
 c - a +0 buckler (worn)
 r - a +0 pair of boots (worn)
Jewellery
 o - a +3 ring of evasion (left hand)
 p - a +3 ring of dexterity (right hand)
Scrolls
 j - a scroll of blinking
 l - 5 scrolls of amnesia
 m - a scroll of summoning
Potions
 d - a potion of might
 e - 7 potions of curing
 f - 10 potions of heal wounds
 g - 3 potions of haste
 h - 4 potions of magic
 i - 3 potions of berserk rage
 k - 2 potions of invisibility
 q - 2 potions of mutation


   Skills:
 + Level 16.8 Fighting
 + Level 18.7 Axes
 + Level 14.2 Armour
 + Level 6.7 Dodging
 + Level 1.9 Stealth
 + Level 13.6 Shields


You had 10 spell levels left.
You didn't know any spells.
Your spell library was empty.

Dungeon Overview and Level Annotations

Branches:
Dungeon (1/1)

Altars:
Ashenzari
Cheibriados
Dithmenos
Elyvilon
Fedhas
Gozag
Hepliaklqana
Kikubaaqudgha
Makhleb
Nemelex Xobeh
Okawaru
Qazlal
Ru
Sif Muna
Trog
Uskayaw
Vehumet
Wu Jian
Xom
Yredelemnul
Zin
The Shining One
Beogh
Jiyva
Lugonu

Annotations:
D Urug


Innate Abilities, Weirdness & Mutations

You have a pair of horns on your head.
You reflexively headbutt those who attack you in melee.


Message History

A two-headed ogre comes into view. It is wielding two +0 giant clubs.
You are engulfed in a cloud of scalding steam.
The dream sheep is distracted by your dazzling golden aura.
The deep elf zephyrmancer casts a spell at you.
The bolt of lightning hits you!!
The gnoll sergeant is engulfed in a cloud of scalding steam.
You block the gnoll sergeant's attack.
The ogre is engulfed in a cloud of scalding steam.
You block the ogre's attack.
The smoke demon is distracted by your dazzling golden aura.
The smoke demon roars!
The dream sheep bleats!
There is a broken door, spattered with blood here.
You see here 162 gold pieces.
Unknown command.
You slash the gnoll sergeant! You headbutt the gnoll sergeant!
You kill the gnoll sergeant!
You slice the ogre!!
You kill the ogre!
You miss the deep elf zephyrmancer.
You are engulfed in a cloud of scalding steam.
The gnoll barely misses you.
The gnoll is engulfed in a cloud of scalding steam.
A redback comes into view.
You are engulfed in a cloud of scalding steam.
The dream sheep bites you but does no damage.
The deep elf zephyrmancer gestures at you while chanting.
The bolt of lightning hits you!!
* * * LOW HITPOINT WARNING * * *
The gnoll is distracted by your dazzling golden aura.
The gnoll is engulfed in a cloud of scalding steam.
The gnoll dies!
The gnoll shouts!
Things that are here:
54 gold pieces; a +0 vampiric trident; a +0 scale mail The giant cockroach is distracted by your dazzling golden aura.
The dream sheep are wreathed in dream dust.
You feel drowsy...
You fall asleep.
Urug hits you with a +2 glaive!!!
You die...
Your body crumbles into a pile of gold.

# ###### ##### #####
.....###...## ....+
#'#.........## #...##
#.##.....#...# #.....#
...##.).###..# ##.......
....##.##.##.###........
....#...#.#..§#$3...s...
....'...')'§)§$§@oO...B.
....#...#.#§§§#eY5h.....
....##.##.##§###gYYg....
...##...###..# ##Y.g....
#.##.....#...# #.....# $
#'#.........## #...##
..)..###...# ....+
###### ##### #####


You could see Urug, a two-headed ogre, a deep elf zephyrmancer, a smoke demon, a
raiju, a redback, 4 dream sheep, 3 gnolls, a white imp and a giant cockroach
(unaware).

Vanquished Creatures
  A minotaur (D)
  A great orb of eyes (D)
  A two-headed ogre (D)
  Sonja (D)
  A shadow wraith (D)
  Pikel (D)
  A phantasmal warrior (D)
  A gargoyle (D)
  A yaktaur (D)
  An efreet (D)
  A red devil (D)
  A tyrant leech (D)
  A polar bear (D)
  8 dream sheep (D)
  A ynoxinul (D)
  Menkaure (D)
  A small abomination (D)
  A water moccasin (D)
  2 floating eyes (D)
  An ogre (D)
  2 wolves (D)
  A centaur (D)
  A phantom (D)
  A lemure (D)
  A bullfrog (D)
  2 gnoll sergeants (D)
  A kobold brigand (D)
  2 scorpions (D)
  3 killer bees (D)
  A crimson imp (D)
  An iron imp (D)
  A jelly (D)
  2 orc priests (D)
  An iguana (D)
  An orc wizard (D)
  A mummy (D)
  4 gnolls (D)
  2 white imps (D)
  An ufetubus (D)
  2 orcs (D)
  A bat zombie (D)
  A hobgoblin (D)
  6 jackals (D)
  A ball python (D)
  2 bats (D)
70 creatures vanquished.

Vanquished Creatures (others)
  A gnoll (D)
1 creature vanquished.

Grand Total: 71 creatures vanquished

Notes
Turn   | Place    | Note
-------+----------+-------------------------------------------
     0 | D        | mhtbhm the Minotaur Fighter began the quest for the Orb.
     0 | D        | Reached XP level 1. HP: 19/19 MP: 0/0
    20 | D        | Found a bloodstained altar of Trog.
    20 | D        | Found a shimmering blue altar of Sif Muna.
    20 | D        | Found a viscous altar of Jiyva.
    20 | D        | Found a hazy altar of Hepliaklqana.
    20 | D        | Found an opulent altar of Gozag.
    21 | D        | Found a glowing golden altar of the Shining One.
    21 | D        | Found a glowing silver altar of Zin.
    21 | D        | Found a basalt altar of Yredelemnul.
    21 | D        | Found a shimmering altar of Xom.
    21 | D        | Found an ornate altar of the Wu Jian Council.
    21 | D        | Found a sacrificial altar of Ru.
    21 | D        | Found a stormy altar of Qazlal.
    21 | D        | Found an iron altar of Okawaru.
    21 | D        | Found a sparkling altar of Nemelex Xobeh.
    21 | D        | Found a burning altar of Makhleb.
    21 | D        | Found a blossoming altar of Fedhas.
    21 | D        | Found a white marble altar of Elyvilon.
    21 | D        | Found a shadowy altar of Dithmenos.
    21 | D        | Found a snail-covered altar of Cheibriados.
    23 | D        | Found a radiant altar of Vehumet.
    23 | D        | Found a corrupted altar of Lugonu.
    24 | D        | Found a hide-covered altar of Uskayaw.
    24 | D        | Found an ancient bone altar of Kikubaaqudgha.
    24 | D        | Found a broken altar of Ashenzari.
    28 | D        | Became a worshipper of Gozag Ym Sagoz the Greedy
   176 | D        | Noticed a floating eye
   176 | D        | Noticed a floating eye
   177 | D        | Paralysed by a floating eye for 4 turns
   182 | D        | Killed a floating eye
   183 | D        | Reached skill level 4 in Axes
   183 | D        | Reached XP level 2. HP: 31/31 MP: 1/1
   183 | D        | Reached XP level 3. HP: 38/38 MP: 2/2
   183 | D        | Reached XP level 4. HP: 45/45 MP: 3/3
   185 | D        | Killed a floating eye
   186 | D        | Reached skill level 6 in Axes
   186 | D        | Reached XP level 5. HP: 53/53 MP: 4/4
   208 | D        | Reached XP level 6. HP: 55/62 MP: 5/5
   285 | D        | Reached skill level 7 in Axes
   307 | D        | Reached skill level 8 in Axes
   322 | D        | Reached skill level 10 in Fighting
   333 | D        | Reached XP level 7. HP: 43/72 MP: 6/6
   344 | D        | Reached skill level 9 in Axes
   344 | D        | Reached skill level 10 in Armour
   344 | D        | Reached skill level 10 in Shields
   714 | D        | Noticed Sonja
   724 | D        | Killed Sonja
   725 | D        | Reached skill level 11 in Axes
   725 | D        | Reached XP level 8. HP: 83/83 MP: 7/7
   767 | D        | Noticed Pikel
   779 | D        | Killed Pikel
   780 | D        | Reached skill level 12 in Axes
   842 | D        | Reached skill level 13 in Axes
  1022 | D        | Noticed a gargoyle
  1028 | D        | Reached XP level 9. HP: 72/92 MP: 8/8
  1034 | D        | Killed a gargoyle
  1035 | D        | Reached skill level 14 in Axes
  1224 | D        | Noticed a minotaur
  1237 | D        | Killed a minotaur
  1238 | D        | Reached skill level 15 in Axes
  1240 | D        | Noticed an efreet
  1244 | D        | Reached skill level 5 in Dodging
  1250 | D        | Reached skill level 16 in Axes
  1251 | D        | Reached XP level 10. HP: 44/104 MP: 9/9
  1258 | D        | Killed a shadow wraith
  1503 | D        | Reached skill level 17 in Axes
  1503 | D        | Reached skill level 1 in Stealth
  1511 | D        | Reached skill level 15 in Fighting
  1631 | D        | Noticed a phantasmal warrior
  1631 | D        | Noticed Menkaure
  1631 | D        | Noticed a two-headed ogre
  1644 | D        | Killed a two-headed ogre
  1646 | D        | Killed Menkaure
  1660 | D        | Killed a phantasmal warrior
  1948 | D        | Reached skill level 18 in Axes
  2012 | D        | Noticed a great orb of eyes
  2021 | D        | Killed a great orb of eyes
  2022 | D        | Reached XP level 11. HP: 104/115 MP: 10/10
  2079 | D        | Noticed a deep elf zephyrmancer
  2082 | D        | Noticed Urug
  2088 | D        | Noticed a two-headed ogre
  2092 | D        | Demolished by Urug

Illustrated notes

Levels and vault maps discovered:
D:        pitsprint [storerooms_1, entrance_room_1, metal_vault_3, armoury_3,
          mini_pit_1, grid_room_1, main_hall_1, silver_pit, the_coven_3,
          the_vestibule_1, steel_vault_3, golden_pit, hallway_of_sentries,
          crystal_vault_4, iron_vault_2, final_vault]

Skill      XL: |  1  2  3  4  5  6  7  8  9 10 |
---------------+-------------------------------+-----
Fighting       | 6 8 10 11 12 14 16 | 16.8
Armour         | 7 8 9 11 12 14 | 14.2
Shields        | 6 7 8 9 11 12 13 | 13.6
Axes           | 4 6 8 11 13 16 18 | 18.7
Dodging        | 2 3 5 6 |  6.7
Stealth        | 1 |  1.9

Action                   |  1- 3 |  4- 6 |  7- 9 | 10-12 || total
-------------------------+-------+-------+-------+-------++-------
Melee: Hand axe          |     8 |    49 |    57 |       ||   114
       Headbutt          |     4 |    11 |    18 |    11 ||    44
       War axe           |     1 |       |    29 |    74 ||   104
Invok: Potion Petition   |       |       |       |     1 ||     1
  Use: Potion            |       |       |     1 |     1 ||     2
 Stab: Distracted        |       |       |       |     1 ||     1
Armor: Scale mail        |     1 |     2 |       |       ||     3
       Ring mail         |       |     7 |    18 |       ||    25
       Chain mail        |       |       |    11 |    23 ||    34
Dodge: Dodged            |     3 |    18 |    38 |    28 ||    87
Block: Buckler           |     4 |    10 |    25 |    17 ||    56

Table legend: (Time is in decaauts)
 A = Elapsed time spent in this place.
 B = Non-inter-level travel time spent in this place.
 C = Inter-level travel time spent in this place.
 D = Time resting spent in this place.
 E = Time spent auto-exploring this place.
 F = Levels seen in this place.
 G = Mean time per level.
                   A        B        C        D        E       F      G
               +--------+--------+--------+--------+--------+-----+--------+
         Total |   2059 |   2059 |      0 |   1336 |     81 |   1 | 2059.0 |
       Dungeon |   2059 |   2059 |      0 |   1336 |     81 |   1 | 2059.0 |
               +--------+--------+--------+--------+--------+-----+--------+

Top non-repeatable levels by time:
       D: 2059 daAuts
